 Dungeon Crawl Stone Soup version 0.32-a0-599-gba8f9cf90e (webtiles) character file.

Game seed: 14384485304002969168

96640 CougarLife the Earth Mage (level 16, -1/96 HPs)
             Began as a Gargoyle Earth Elementalist on Mar 3, 2024.
             Was a High Priest of Vehumet.
             Hit by a silver javelin thrown by a merfolk javelineer (13 damage)
             ... on level 1 of the Shoals on Mar 4, 2024.
             The game lasted 01:12:04 (34288 turns).

CougarLife the Earth Mage (GrEE)                   Turns: 34288, Time: 01:12:04

Health: -1/96      AC: 30    Str: 18    XL:     16   Next: 17%
Magic:  2/33       EV: 16    Int: 22    God:    Vehumet [*****.]
Gold:   682        SH:  0    Dex: 10    Spells: 20/42 levels left

rFire   . . .        r - staff of earth
rCold   . . .        (no shield)
rNeg    + . .        u - +0 acid dragon scales
rPois   ∞            G - +2 helmet of Gluttony {Fly Str+4 Stlth+}
rElec   +            h - +2 cloak
rCorr   +            J - +1 pair of gloves
SInv    +            f - +0 pair of boots
Will    +....        M - amulet of regeneration
Stlth   ++           H - ring of see invisible
HPRegen 1.16/turn    R - +5 ring of evasion
MPRegen 0.23/turn

%: no passive effects
@: flying
A: sickness immunity, AC +12, big wings, negative energy resistance 1,
electricity resistance, torment resistance 1, petrification resistance
a: Renounce Religion


You were on level 1 of the Shoals.
You worshipped Vehumet.
Vehumet was extremely pleased with you.
You visited 5 branches of the dungeon, and saw 24 of its levels.
You also visited: Gauntlet and Ice Cave.

You collected 3455 gold pieces.
You spent 2773 gold pieces at shops.

Inventory:

Missiles
 b - 4 throwing nets
Armour
 f - a +0 pair of boots (worn)
 h - a +2 cloak (worn)
 u - +0 acid dragon scales (worn)
 z - a +2 robe of willpower
 A - a +0 robe of fire resistance
 G - the +2 helmet of Gluttony (worn) {Fly Str+4 Stlth+}
   (You found it on level 10 of the Dungeon)

   Str+4:     It affects your strength (+4).
   Fly:       It grants you flight.
   Stlth+:    It makes you more stealthy.
 J - a +1 pair of gloves (worn)
 L - the +4 skin of Zhor {*Englaciate rC+++ SInv}
   (You found it in an ice cave)

   *Englaciate: It radiates cold, occasionally slowing all nearby creatures who
   are not resistant to cold.
   rC+++:     It renders you almost immune to cold.
   SInv:      It lets you see invisible.
Magical Staves
 r - a staff of earth (weapon)
Jewellery
 H - a ring of see invisible (left hand)
 M - an amulet of regeneration (around neck)
 R - a +5 ring of evasion (right hand)
Wands
 a - a wand of charming (10)
 w - a wand of quicksilver (10)
 B - a wand of flame (66)
 C - a wand of polymorph (10)
 K - a wand of iceblast (18)
 Q - a wand of mindburst (20)
Scrolls
 d - 3 scrolls of silence
 e - 8 scrolls of fog
 g - 7 scrolls of revelation
 j - 5 scrolls of teleportation
 l - 4 scrolls of amnesia
 m - 4 scrolls of vulnerability
 n - 2 scrolls of blinking
 o - 3 scrolls of noise
 v - 4 scrolls of fear
 y - 3 scrolls of enchant armour
 D - a scroll of torment
 F - 3 scrolls of immolation
 V - a scroll of summoning
Potions
 c - 2 potions of might
 i - a potion of berserk rage
 k - 3 potions of lignification
 p - 4 potions of attraction {unknown}
 s - 4 potions of cancellation
 t - 7 potions of enlightenment
 x - 5 potions of brilliance
 E - 2 potions of resistance
 I - 3 potions of haste {unknown}
 N - 4 potions of heal wounds
 O - 5 potions of curing
 P - a potion of ambrosia
 S - a potion of invisibility {unknown}


   Skills:
 + Level 9.4 Fighting
 - Level 8.0 Armour
 - Level 1.5 Dodging
 - Level 2.1 Stealth
 + Level 13.8 Spellcasting
 + Level 16.0 Conjurations
 + Level 4.2 Fire Magic
 - Level 6.0 Air Magic
 - Level 17.0 Earth Magic


You had 20 spell levels left.
You knew the following spells:

 Your Spells              Type           Power      Damage    Failure   Level
a - Sandblast             Erth           100%       2d20      0%          1
b - Stone Arrow           Conj/Erth      100%       3d13      0%          3
c - Lee's Rapid Deconstr  Erth           47%        3d22*     1%          5
d - Freezing Cloud        Conj/Ice/Air   23%        6-21      1%          5
e - Lehudib's Crystal Sp  Conj/Erth      46%        10d11     11%         8

Your spell library contained the following spells:

 Spells                   Type           Power      Damage    Failure   Level
 Bombard                  Conj/Erth      46%        9d8       1%          6
 Magic Dart               Conj           100%       1d8       0%          1
 Searing Ray              Conj           100%       2d8       0%          2
 Passwall                 Erth           94%        N/A       0%          3
 Sting                    Conj/Alch      100%       1d9       1%          1
 Mercury Vapours          Alch/Air       56%        N/A       1%          2
 Mephitic Cloud           Conj/Alch/Air  47%        N/A       1%          3
 Animate Armour           Summ/Erth      100%       N/A       1%          4
 Brom's Barrelling Bould  Conj/Erth      93%        2d10      1%          4
 Fulminant Prism          Conj/Alch      25%        3d13      1%          4
 Leda's Liquefaction      Alch/Erth      34%        N/A       1%          4
 Petrify                  Alch/Erth      68%        N/A       1%          4
 Frozen Ramparts          Ice            30%        1d5       4%          3
 Apportation              Tloc           30%        N/A       5%          1
 Necrotise                Necr           60%        1d7       5%          1
 Summon Small Mammal      Summ           60%        N/A       5%          1
 Ignite Poison            Fire/Alch      24%        N/A       6%          4
 Sticky Flame             Fire/Alch      24%        2d6       6%          4
 Call Canine Familiar     Summ           15%        N/A       16%         3
 Ozocubu's Armour         Ice            15%        N/A       16%         3
 Vampiric Draining        Necr           15%        2d7       16%         3
 Summon Lightning Spire   Summ/Air       28%        N/A       16%         4
 Summon Blazeheart Golem  Fire/Summ      24%        N/A       22%         4
 Anguish                  Hex/Necr       7%         N/A       45%         4
 Cause Fear               Hex            7%         N/A       45%         4
 Martyr's Knell           Necr/Summ      15%        N/A       45%         4
 Curse of Agony           Necr           15%        N/A       82%         5
 Metabolic Englaciation   Hex/Ice        7%         N/A       82%         5
 Sculpt Simulacrum        Ice/Alch       7%         N/A       100%        6
 Enfeeble                 Hex            7%         N/A       100%        7
 Ignition                 Fire           16%        3d7       100%        8
 Cigotuvi's Dreadful Rot  Necr/Alch/Air  Unusable   N/A       N/A         2

Dungeon Overview and Level Annotations

Branches:
Dungeon (15/15)            Temple (1/1) D:4            Lair (5/5) D:9
 Shoals (1/4) Lair:3       Spider (0/4) Lair:3        Slime (0/5) Lair:5
    Orc (2/2) D:11            Elf (0/3) Orc:2        Vaults (0/5) D:13
 Depths (0/4) D:15          IceCv (visited)         Gauntlet (visited)

Altars:
Ashenzari
Cheibriados
Dithmenos
Elyvilon
Fedhas
Gozag
Hepliaklqana
Kikubaaqudgha
Makhleb
Nemelex Xobeh
Okawaru
Qazlal
Ru
Sif Muna
Trog
Uskayaw
Vehumet
Wu Jian
Xom
Yredelemnul
Zin
The Shining One
Beogh
Jiyva

Shops:
D:2 :   D:10 =   D:13 (??!   Orc:1 :   Orc:2 *((:[*?

Annotations:
D:13 3 runed translucent doors, cjoo's ghost, journeyman CoWr


Innate Abilities, Weirdness & Mutations

You are immune to sickness and miasma.
Your stone body is resilient. (AC +12)
You are immune to poison.
Your large and strong wings let you fly.
You resist negative energy. (rN+)
You are resistant to electric shocks. (rElec)
You are resistant to unholy torment.
You are immune to petrification.


Message History

Confirm with . or Enter, or press ? or * to list all spells.
Aiming: Lehudib's Crystal Spear (quite dangerous; 11% risk of failure)
Press: ? - help, Shift-Dir - straight line, f/p - merfolk javelineer
Aim: a merfolk javelineer, wielding a +0 spear, wearing a +0 leather armour and quivering silver javelins (severely wounded, 77% to hit)
You feel a surge of power!
The crystal spear misses the merfolk javelineer.
The merfolk javelineer throws a silver javelin.
The silver javelin pierces through you!
Casting: Lehudib's Crystal Spear (quite dangerous; 11% risk of failure)
Confirm with . or Enter, or press ? or * to list all spells.
Aiming: Lehudib's Crystal Spear (quite dangerous; 11% risk of failure)
Press: ? - help, Shift-Dir - straight line, f/p - merfolk javelineer
Aim: a merfolk javelineer, wielding a +0 spear, wearing a +0 leather armour and quivering silver javelins (severely wounded, 77% to hit)
You feel a surge of power!
The crystal spear misses the merfolk javelineer.
The merfolk javelineer throws a silver javelin.
The silver javelin pierces through you!!
Casting: Lehudib's Crystal Spear (quite dangerous; 11% risk of failure)
Confirm with . or Enter, or press ? or * to list all spells.
Aiming: Lehudib's Crystal Spear (quite dangerous; 11% risk of failure)
Press: ? - help, Shift-Dir - straight line, f/p - merfolk javelineer
Aim: a merfolk javelineer, wielding a +0 spear, wearing a +0 leather armour and quivering silver javelins (severely wounded, 77% to hit)
You feel a surge of power!
The crystal spear misses the merfolk javelineer.
The merfolk javelineer throws a silver javelin.
The silver javelin pierces through you.
Casting: Lehudib's Crystal Spear (quite dangerous; 11% risk of failure)
Confirm with . or Enter, or press ? or * to list all spells.
You don't have enough magic to cast this spell.
Unknown command.
Casting: Lehudib's Crystal Spear (quite dangerous; 11% risk of failure)
Confirm with . or Enter, or press ? or * to list all spells.
You don't have enough magic to cast this spell.
Okay, then.
The merfolk javelineer throws a silver javelin.
The silver javelin pierces through you!
* * * LOW HITPOINT WARNING * * *
x2 The merfolk javelineer throws a silver javelin.
The silver javelin pierces through you!
You die...

≈≈≈~~~~~~.###.~~~~..P~P
≈≈~~~~~~~~~~.~~~~~.P~P~
≈~~~~~~(.~....~~P~~~.~P
~~~~~~.....##.~~~~P...~
~~~....##..###.~~P~~~P~
~~~~...###.# .~~~~~~P~P
~~~........# .~~~~.....
~~~........##.~~...
~~~~~~...@.~~~...
~~~~~~...~~~m...
~~~~~~~..~~~~...
~~~~~~~~~$~.~~..
P~~~~~~≈~~~~~~~.
~~~~~~≈≈≈~~~~.~.
~~~~~≈≈≈~~~~....
~~~~≈≈≈≈≈~~~~...
~~~≈≈≈≈≈~~...#.


You could see a merfolk javelineer.

Vanquished Creatures
  An orc warlord (Orc:2)
  A dire elephant (D:15)
  A minotaur (Gauntlet)
  Snorg (Lair:5)
  3 hydras
  3 catoblepae (Lair:5)
  3 vault guards (D:13)
  3 ogre magi
  9 two-headed ogres
  4 centaur warriors
  A tengu warrior (D:12)
  12 death yaks
  4 boulder beetles
  An orc high priest (Orc:2)
  A fire crab (Lair:5)
  A sixfirhy (Gauntlet)
  A salamander mystic (D:15)
  2 skysharks
  A deep elf archer (D:13)
  A harpy (shapeshifter) (D:15)
  2 deep elf pyromancers
  3 wolf spiders
  3 orc sorcerers (Orc:2)
  6 manticores
  7 orc knights
  Maurice (Orc:1)
  7 ugly things
  6 cyclopes
  2 ice statues (IceCv)
  9 cane toads
  5 black mambas
  22 elephants
  A torpor snail (Lair:5)
  A gargoyle (D:10)
  A kobold demonologist (D:14)
  3 komodo dragons
  A rime drake (D:12)
  An efreet (D:14)
  An unseen horror (D:12)
  3 yaktaurs (D:13)
  Psyche (D:11)
  A freezing wraith (IceCv)
  A tengu conjurer (D:13)
  An anaconda simulacrum (IceCv)
  6 trolls
  7 polar bears
  7 dream sheep (Lair:5)
  A blink frog (shapeshifter) (D:15)
  20 blink frogs
  4 centaur simulacra
  2 jumping spiders (Lair:3)
  3 slime creatures (D:15)
  5 wraiths
  Sigmund (D:2)
  2 shadows
  A snapping turtle (Shoals:1)
  A vampire (D:11)
  A wyvern (D:10)
  2 unseen horror simulacra (D:10)
  A human (D:13)
  62 yaks
  4 basilisks
  A redback (Lair:3)
  13 vampire mosquitoes
  2 wargs
  2 death yak simulacra (IceCv)
  A harpy simulacrum (IceCv)
  2 acid dragons
  18 water moccasins
  25 orc warriors
  A sky beast (D:8)
  A swamp drake (D:11)
  An ice beast (D:10)
  21 centaurs
  7 ogres
  14 wolves
  A kobold brigand (D:9)
  8 bullfrogs
  2 scorpions
  10 wights
  An elephant simulacrum (IceCv)
  8 killer bees
  5 howler monkeys
  6 electric eels
  10 hounds
  7 jellies
  A bombardier beetle (D:4)
  A gnoll bouda (D:6)
  11 orc priests
  4 iguanas
  30 orc wizards
  A polar bear simulacrum (IceCv)
  5 gnolls (D:7)
  5 adders
  A shadow imp (D:7)
  4 white imps
  3 howler monkey simulacra (D:10)
  8 ufetubi
  77 orcs
  10 endoplasms
  2 giant cockroaches
  2 goblins (D:4)
  4 hobgoblins
  8 jackals
  2 quokkas
  4 ball pythons
  3 bats
  2 frilled lizards
  12 kobolds
  5 rats
645 creatures vanquished.

Notes
Turn   | Place    | Note
-------+----------+-------------------------------------------
     0 | D:1      | CougarLife the Gargoyle Earth Elementalist began the quest
                  | for the Orb.
     0 | D:1      | Reached XP level 1. HP: 10/10 MP: 3/3
   122 | D:1      | Reached XP level 2. HP: 15/15 MP: 0/5
   401 | D:1      | Reached skill level 4 in Earth Magic
   773 | D:2      | Noticed Sigmund
   782 | D:2      | Killed Sigmund
   783 | D:2      | Reached skill level 5 in Earth Magic
   783 | D:2      | Reached XP level 3. HP: 12/19 MP: 0/7
   783 | D:2      | Reached XP level 4. HP: 15/24 MP: 0/9
   783 | D:2      | Reached XP level 5. HP: 18/28 MP: 0/10
   908 | D:2      | Found Uwkud's Book Shop.
  1724 | D:3      | Learned a level 3 spell: Stone Arrow
  1744 | D:3      | Reached XP level 6. HP: 32/32 MP: 3/11
  2126 | D:3      | You fall into a shaft and drop 1 floor!
  2514 | D:4      | Found a staircase to the Ecumenical Temple.
  2555 | D:5      | Entered Level 5 of the Dungeon
  2820 | D:5      | Reached skill level 6 in Earth Magic
  2820 | D:5      | Reached XP level 7. HP: 36/36 MP: 8/13
  3093 | Temple   | Entered the Ecumenical Temple
  3126 | Temple   | Became a worshipper of Vehumet
  3605 | D:4      | Reached skill level 5 in Conjurations
  4424 | D:6      | Reached skill level 5 in Spellcasting
  4424 | D:6      | Reached skill level 7 in Earth Magic
  4424 | D:6      | Reached XP level 8. HP: 27/41 MP: 7/15
  4595 | D:6      | Found a hazy altar of Hepliaklqana.
  4840 | D:6      | Found a burning altar of Makhleb.
  4840 | D:6      | Found an iron altar of Okawaru.
  5260 | D:7      | Reached skill level 8 in Earth Magic
  5551 | D:7      | Reached XP level 9. HP: 45/45 MP: 15/18
  5703 | D:7      | Reached skill level 1 in Air Magic
  5842 | D:7      | Found a sacrificial altar of Ru.
  5917 | D:7      | Reached * piety under Vehumet
  5917 | D:7      | Offered knowledge of Freeze by Vehumet.
  5953 | D:6      | Reached skill level 9 in Earth Magic
  6923 | D:8      | Offered knowledge of Static Discharge by Vehumet.
  7021 | D:8      | Reached ** piety under Vehumet
  7086 | D:8      | Reached XP level 10. HP: 43/50 MP: 16/20
  7088 | D:8      | Reached skill level 10 in Earth Magic
  7578 | D:9      | Found a staircase to the Lair.
  8768 | D:10     | Entered Level 10 of the Dungeon
  9000 | D:2      | Bought a book of Iron for 352 gold pieces
  9006 | D:2      | Learned a level 5 spell: Lee's Rapid Deconstruction
  9012 | D:2      | Learned a level 5 spell: Freezing Cloud
  9154 | D:10     | Found Ruko's Jewellery Shop.
  9169 | D:10     | Offered knowledge of Momentum Strike by Vehumet.
  9254 | D:10     | Identified the +2 helmet of Gluttony {Fly Str+4 Stlth+}
  9298 | D:10     | Noticed a two-headed ogre
  9304 | D:10     | Killed a two-headed ogre
  9305 | D:10     | Reached skill level 11 in Earth Magic
  9305 | D:10     | Reached XP level 11. HP: 52/54 MP: 11/23
  9497 | D:10     | Noticed a two-headed ogre
  9503 | D:10     | Killed a two-headed ogre
  9504 | D:10     | Reached skill level 5 in Air Magic
  9590 | D:10     | Reached *** piety under Vehumet
  9677 | D:10     | Reached skill level 10 in Conjurations
  9679 | D:10     | Noticed a two-headed ogre
 10103 | D:10     | Killed a two-headed ogre
 10137 | D:10     | Noticed a cyclops
 10139 | D:10     | Killed a cyclops
 10754 | Lair:1   | Entered Level 1 of the Lair of Beasts
 10772 | Lair:1   | Offered knowledge of Hailstorm by Vehumet.
 10917 | Lair:1   | Reached skill level 12 in Earth Magic
 11230 | Lair:1   | Reached skill level 1 in Fighting
 11896 | Lair:1   | Reached XP level 12. HP: 62/62 MP: 15/25
 12221 | Lair:2   | Noticed a five-headed hydra
 12409 | Lair:2   | Reached **** piety under Vehumet
 12419 | Lair:2   | Offered knowledge of Yara's Violent Unravelling by Vehumet.
 12428 | Lair:2   | Killed a five-headed hydra
 12429 | Lair:2   | Reached skill level 13 in Earth Magic
 12560 | Lair:2   | Reached skill level 10 in Spellcasting
 13372 | Lair:3   | Noticed a skyshark
 13377 | Lair:3   | Killed a skyshark
 13526 | Lair:3   | Noticed a five-headed hydra
 13529 | Lair:3   | Killed a five-headed hydra
 13530 | Lair:3   | Reached skill level 5 in Fighting
 13725 | Lair:3   | Found a hole to the Spider Nest.
 14209 | Lair:3   | Found a staircase to the Shoals.
 14343 | Lair:3   | Reached XP level 13. HP: 74/74 MP: 12/27
 15195 | D:2      | Bought a book of Armaments for 396 gold pieces
 15417 | Lair:4   | Reached skill level 1 in Armour
 15513 | Lair:4   | Reached skill level 14 in Earth Magic
 17347 | Lair:5   | Entered Level 5 of the Lair of Beasts
 17435 | Lair:5   | Reached skill level 5 in Armour
 17443 | Lair:5   | Reached ***** piety under Vehumet
 17624 | Lair:5   | Offered knowledge of Airstrike by Vehumet.
 18172 | Lair:5   | Found a staircase to the Slime Pits.
 18273 | Lair:5   | Found a viscous altar of Jiyva.
 18569 | Lair:5   | Gained mutation: Your large and strong wings let you fly.
                  | [Gargoyle growth]
 18569 | Lair:5   | Reached XP level 14. HP: 45/80 MP: 13/29
 18970 | Lair:4   | Reached skill level 15 in Earth Magic
 20046 | Lair:5   | Noticed Snorg
 20064 | Lair:5   | Killed Snorg
 22201 | D:10     | Offered knowledge of Eringya's Noxious Bog by Vehumet.
 22391 | D:11     | Found a gate leading to a gauntlet.
 22398 | Gauntlet | Entered a Gauntlet
 22398 | Gauntlet | Found a transporter.
 22434 | Gauntlet | Found a transporter.
 22437 | Gauntlet | Found a transporter.
 22438 | Gauntlet | Found a transporter.
 22447 | Gauntlet | Found a transporter.
 22450 | Gauntlet | Found a transporter.
 22451 | Gauntlet | Found a transporter.
 22460 | Gauntlet | Found a transporter.
 22463 | Gauntlet | Found a transporter.
 22464 | Gauntlet | Found a transporter.
 22476 | Gauntlet | Found a transporter.
 22476 | Gauntlet | Found a transporter.
 22477 | Gauntlet | Found a transporter.
 22481 | Gauntlet | Found a runed translucent door.
 22483 | Gauntlet | Found a runed translucent door.
 22485 | Gauntlet | Found a transporter.
 22519 | Gauntlet | Found a runed translucent door.
 22708 | Gauntlet | Learned a level 8 spell: Lehudib's Crystal Spear
 22777 | Gauntlet | Identified the +4 hand axe "Tormentor" {protect, rC+ MP+9
                  | Str-5 Dex+3}
 22860 | Gauntlet | Identified the +2 dagger of the Boiling Point {freeze, rC+
                  | rN+ Str-4 Int+7}
 22871 | D:11     | Reached skill level 16 in Earth Magic
 23064 | D:11     | Found a staircase to the Orcish Mines.
 23204 | D:11     | Noticed Psyche
 23231 | D:11     | Killed Psyche
 24339 | Orc:1    | Entered Level 1 of the Orcish Mines
 24668 | Orc:1    | Noticed Maurice
 24673 | Orc:1    | Killed Maurice
 24971 | Orc:1    | Found Poiqon's Book Boutique.
 24981 | Orc:1    | Bought an Everburning Encyclopedia for 380 gold pieces
 25188 | Orc:2    | Entered Level 2 of the Orcish Mines
 25188 | Orc:2    | Found Wenuar Kejo's Weapon Shop.
 25439 | Orc:2    | Reached XP level 15. HP: 84/84 MP: 24/31
 25872 | Orc:2    | Found Bunaur's General Store.
 26129 | Orc:2    | Bought a potion of ambrosia for 112 gold pieces
 26129 | Orc:2    | Bought a scroll of identify for 28 gold pieces
 26129 | Orc:2    | Bought a scroll of fear for 56 gold pieces
 26132 | Orc:2    | Found a staircase to the Elven Halls.
 26165 | Orc:2    | Found Asacouv's Magic Scroll Shop.
 26288 | Orc:2    | Noticed an orc warlord
 26382 | Orc:2    | Killed an orc warlord
 26734 | Orc:2    | Bought a scroll of enchant armour for 90 gold pieces
 26734 | Orc:2    | Bought a scroll of revelation for 90 gold pieces
 26734 | Orc:2    | Bought a scroll of revelation for 90 gold pieces
 26734 | Orc:2    | Bought a scroll of fog for 48 gold pieces
 26734 | Orc:2    | Bought a scroll of fog for 48 gold pieces
 26734 | Orc:2    | Bought a scroll of teleportation for 36 gold pieces
 26734 | Orc:2    | Bought 2 scrolls of revelation for 180 gold pieces
 26786 | Orc:2    | Offered knowledge of Plasma Beam by Vehumet.
 27197 | Orc:2    | Found a roughly hewn altar of Beogh.
 27198 | Orc:2    | Found Kaes's Antique Armour Shop.
 27212 | Orc:2    | Reached skill level 15 in Conjurations
 27326 | Orc:2    | Found Ahetop's Book Shop.
 27418 | Orc:2    | Found Poyd's Antique Weapon Shop.
 27498 | Orc:2    | Found Kufoffuu's General Store.
 27506 | Orc:2    | Bought a scroll of identify for 28 gold pieces
 27875 | D:12     | Found a frozen archway.
 27925 | IceCv    | Entered an ice cave
 27930 | IceCv    | Found the +4 skin of Zhor {*Englaciate rC+++ SInv}
 27965 | IceCv    | Found a transporter.
 27977 | IceCv    | Found a transporter.
 29605 | D:13     | Found Ruisirof's Magic Scroll Emporium.
 29612 | D:13     | Bought a scroll of identify for 24 gold pieces
 29612 | D:13     | Bought a scroll of identify for 24 gold pieces
 29631 | D:13     | Reached skill level 17 in Earth Magic
 29674 | D:13     | Found a runed translucent gate.
 29674 | D:13     | Found a runed translucent gate.
 29675 | D:13     | Found a runed translucent gate.
 29679 | D:13     | Found Uqedwew's Antique Weapon Boutique.
 29686 | D:13     | Noticed an acid blob
 29686 | D:13     | Noticed an azure jelly
 29706 | D:13     | Noticed an azure jelly
 29706 | D:13     | Noticed an acid blob
 29706 | D:13     | Noticed a rockslime
 29707 | D:13     | Noticed cjoo's ghost (journeyman CoWr)
 29707 | D:13     | Noticed an acid blob
 29970 | D:13     | Noticed an azure jelly
 29972 | D:13     | Noticed an acid blob
 29973 | D:13     | Found a viscous altar of Jiyva.
 30105 | D:13     | Reached skill level 1 in Fire Magic
 30191 | D:13     | Found Kefidoe's Magic Scroll Shoppe.
 30201 | D:13     | Bought a scroll of identify for 28 gold pieces
 30201 | D:13     | Bought a scroll of blinking for 105 gold pieces
 30201 | D:13     | Bought 3 scrolls of identify for 84 gold pieces
 30700 | D:13     | Found a transporter.
 30700 | D:13     | Found Gaseg's Distillery.
 30847 | D:13     | Found a transporter.
 31189 | D:13     | Found a gate to the Vaults.
 31423 | D:13     | Bought a potion of heal wounds for 70 gold pieces
 31423 | D:13     | Bought a potion of brilliance for 56 gold pieces
 31423 | D:13     | Bought a potion of ambrosia for 112 gold pieces
 31502 | D:14     | Found an opulent altar of Gozag.
 31840 | D:14     | Offered knowledge of Bombard by Vehumet.
 31909 | D:14     | Reached XP level 16. HP: 96/96 MP: 33/33
 32331 | D:14     | Identified a scroll of acquirement
 32332 | D:14     | Acquired 885 gold pieces
 32456 | D:13     | Bought a potion of heal wounds for 70 gold pieces
 32456 | D:13     | Bought a potion of cancellation for 112 gold pieces
 32456 | D:13     | Bought a potion of curing for 42 gold pieces
 32456 | D:13     | Bought a potion of curing for 42 gold pieces
 32580 | Orc:2    | Bought a potion of heal wounds for 70 gold pieces
 32715 | D:15     | Entered Level 15 of the Dungeon
 33837 | D:15     | Identified the +0 ring mail "Ehuney" {+Inv rC- rN+++ Str-2}
 33845 | D:15     | Found a glowing silver altar of Zin.
 33846 | D:15     | Found a white marble altar of Elyvilon.
 33847 | D:15     | Found a glowing golden altar of the Shining One.
 33950 | D:15     | Found a staircase to the Depths.
 34255 | Shoals:1 | Entered Level 1 of the Shoals
 34288 | Shoals:1 | Hit by a silver javelin thrown by a merfolk javelineer

Illustrated notes

Levels and vault maps discovered:
D:1:      minmay_arrival_hallway, layout_rooms, dk_noncrumbling_3
D:2:      layout_basic, serial_shops, shop, uniq_sigmund
D:3:      cheibrodos_pilgrimage, layout_basic
D:4:      layout_basic, minmay_temple_entry_from_below_a
D:5:      layout_cave_pools, amethyst_killhole, guppyfry_early_lair_pool
D:6:      layout_basic, mainiacjoe_overflow_tiny_flanked,
          nicolae_overflow_two_pavilions
D:7:      layout_rooms, mainiacjoe_overflow_brackets, grunt_decor_clamped,
          grunt_ministairs_14
D:8:      layout_rooms
D:9:      layout_gridville, erik_lair_island
D:10:     layout_basic, serial_ice, serial_ice_c, serial_ice_m, serial_ice_n,
          serial_ice_l, serial_ice_o, serial_ice_a, serial_ice_d, serial_ice_f,
          serial_ice_g, serial_ice_e, serial_shops,
          nicolae_shop_advertising_works [nicolae_subvault_shop_adworks]
D:11:     layout_basic, erik_orc_1, gauntlet_entry_generic, uniq_psyche
D:12:     kennysheep_blocky_room, layout_long_grid,
          portal_ice_cave_entry_animals_and_master
D:13:     layout_cave_pools, grunt_vaults_entry_fortified, serial_shops,
          nicolae_shop_drivethru, shop, nicolae_shop_gibbet_a_chance,
          nicolae_shop_tiny_glass, gammafunk_ghost_ooze
D:14:     layout_irregular_city, nicolae_gozag_seed_capital
D:15:     hangedman_depths_entry_try_elsewhere_first, layout_loops_corners,
          good_gods_temple_1, minivault_24
Temple:   dpeg_five_rooms_temple
Lair:1:   layout_loops_ring, wad_woods_river_03,
          eino_small_chamber_without_monster
Lair:2:   layout_cave_pods, grunt_megastairs_1
Lair:3:   layout_big_grid, minmay_shoals_entry_beasts, spider_nest_entry_a,
          nicolae_lair_run_with_the_wolves
Lair:4:   layout_hall_layers
Lair:5:   evilmike_catoblepas_cave, layout_regular_city,
          nicolae_slime_entry_slimehenge, uniq_snorg
Shoals:1: layout_shoals, uniq_louise, uniq_frances
Orc:1:    layout_diamond_mine, serial_shops, shop, uniq_maurice
Orc:2:    grunt_orc_cross, layout_caves, serial_shops, nicolae_shop_rolled_up,
          nicolae_shop_hallway_stairs, shop, nicolae_orc_rich_vein

Skill      XL: |  1  2  3  4  5  6  7  8  9 10 11 12 13 14 15 16 |
---------------+-------------------------------------------------+-----
Earth Magic    | 5 6 7 8 9 11 12 13 14 16 17 | 17.0
Spellcasting   | 3 4 5 6 7 8 9 10 11 12 13 | 13.8
Conjurations   | 3 4 5 7 8 9 11 12 13 14 15 16 | 16.0
Air Magic      | 3 4 6 |  6.0
Fighting       | 2 5 6 9 |  9.4
Armour         | 7 8 |  8.0
Fire Magic     | 3 4 |  4.2
Dodging        | |  1.5
Stealth        | |  2.1

Action                     |  1- 3 |  4- 6 |  7- 9 | 10-12 | 13-15 | 16-18 || total
---------------------------+-------+-------+-------+-------+-------+-------++-------
  Melee: Unarmed           |     6 |       |       |       |       |       ||     6
         Dagger            |     2 |     8 |       |       |       |       ||    10
         Staff             |       |     1 |     5 |       |     8 |       ||    14
   Cast: Sandblast         |    27 |    44 |    92 |   129 |   155 |     4 ||   451
         Stone Arrow       |       |     8 |    49 |   101 |   265 |    14 ||   437
         Lee's Rapid Decon |       |       |       |    17 |    35 |     2 ||    54
         Freezing Cloud    |       |       |       |    35 |   177 |     6 ||   218
         Lehudib's Crystal |       |       |       |       |    33 |    16 ||    49
    Use: Potion            |       |       |     3 |       |     6 |       ||     9
         Scroll            |       |       |       |     7 |    18 |     4 ||    29
 Armour: Robe              |    10 |    19 |    72 |   131 |   302 |       ||   534
         Skin              |       |       |       |       |     2 |       ||     2
         Acid dragon scale |       |       |       |       |    28 |    27 ||    55
         Animal skin       |       |       |       |       |    26 |       ||    26
  Dodge: Dodged            |    14 |    19 |    66 |   104 |   178 |     6 ||   387

Table legend: (Time is in decaauts)
 A = Elapsed time spent in this place.
 B = Non-inter-level travel time spent in this place.
 C = Inter-level travel time spent in this place.
 D = Time resting spent in this place.
 E = Time spent auto-exploring this place.
 F = Levels seen in this place.
 G = Mean time per level.
                   A        B        C        D        E       F      G
               +--------+--------+--------+--------+--------+-----+--------+
         Total |  34589 |  31971 |   2618 |  13790 |  11536 |  26 | 1330.3 |
       Dungeon |  19029 |  17270 |   1759 |   6340 |   7648 |  15 | 1268.6 |
        Temple |     64 |      2 |     62 |      0 |      0 |   1 |   64.0 |
          Lair |  11284 |  10738 |    546 |   5485 |   2970 |   5 | 2256.8 |
        Shoals |     32 |     32 |      0 |      2 |      0 |   1 |   32.0 |
  Orcish Mines |   3501 |   3252 |    249 |   1786 |    760 |   2 | 1750.5 |
      Ice Cave |    207 |    207 |      0 |     68 |      0 |   1 |  207.0 |
      Gauntlet |    468 |    468 |      0 |    108 |    158 |   1 |  468.0 |
               +--------+--------+--------+--------+--------+-----+--------+

Top non-repeatable levels by time:
  Lair:5: 3364 daAuts
  Lair:4: 2985 daAuts
  Lair:3: 2128 daAuts
    D:12: 1979 daAuts
    D:10: 1901 daAuts
   Orc:2: 1865 daAuts
  Lair:1: 1747 daAuts
    D:11: 1679 daAuts
    D:13: 1663 daAuts
   Orc:1: 1635 daAuts
     D:6: 1366 daAuts
    D:15: 1351 daAuts
     D:9: 1329 daAuts
     D:7: 1204 daAuts
     D:8: 1112 daAuts
